 Dungeon Crawl Stone Soup version 0.28.0-45-g0d030f2227 (webtiles) character file.

Game seed: 6077198037742214248

703 CryoSword the Stinger (level 7, -1/53 HPs)
             Began as a Demonspawn Venom Mage on Apr 1, 2022.
             Slain by a kobold brigand
             ... wielding a +0 dagger
              (5 damage)
             ... on level 4 of the Dungeon.
             The game lasted 00:14:53 (7139 turns).

CryoSword the Stinger (Demonspawn Venom Mage)       Turns: 7139, Time: 00:14:54

Health: -1/53      AC:  7    Str: 10    XL:     7   Next: 39%
Magic:  3/11       EV: 12    Int: 16    God:
Gold:   21         SH:  0    Dex: 14    Spells: 2/12 levels left

rFire   . . .      SeeInvis .   i - +1 hand axe (vorpal)
rCold   . . .      Faith    .   (no shield)
rNeg    . . .      Spirit   .   j - +2 animal skin
rPois   .          Reflect  .   (helmet restricted)
rElec   .          Harm     .   (no cloak)
rCorr   .          Rampage  .   (no gloves)
Will    .....                   (no boots)
Stlth   ++........              p - amulet of the acrobat
HPRegen 0.17/turn               (no ring)
MPRegen 0.12/turn               (no ring)

@: no status effects
A: horns 1, molten scales 2, powered by pain 1
a: no special abilities


You were on level 4 of the Dungeon.
You visited 1 branch of the dungeon, and saw 4 of its levels.

You collected 181 gold pieces.
You spent 160 gold pieces at shops.

Inventory:

Hand Weapons
 i - a +1 vorpal hand axe (weapon)
   (You found it on level 2 of the Dungeon)
Missiles
 c - 2 boomerangs of dispersal {!f}
 l - 10 boomerangs (quivered)
Armour
 j - a +2 animal skin (worn)
   (You took it off Robin on level 2 of the Dungeon)
Jewellery
 p - an amulet of the acrobat (around neck)
   (You bought it in a shop on level 4 of the Dungeon)
Scrolls
 e - a scroll of teleportation {unknown}
 g - a scroll of immolation {!r}
 h - a scroll of fear {unknown}
 m - a scroll of enchant armour {unknown}
 o - a scroll of noise {unknown}
Potions
 b - a potion of resistance {unknown}
 d - a potion of mutation {unknown}
 f - 2 potions of curing {@q1}
 k - 2 potions of heal wounds {unknown}
 n - a potion of attraction {unknown}


   Skills:
 + Level 3.6 Fighting
 - Level 1.7 Dodging
 - Level 1.7 Stealth
 - Level 3.0 Spellcasting
 + Level 1.1 Conjurations
 - Level 3.0 Transmutations
 + Level 1.0 Air Magic
 * Level 6.2 Poison Magic


You had 2 spell levels left.
You knew the following spells:

 Your Spells              Type           Power      Damage    Failure   Level
a - Sting                 Tmut/Pois      68%        1d6       2%          1
b - Poisonous Vapours     Pois/Air       26%        N/A       6%          2
c - Olgreb's Toxic Radia  Pois           22%        N/A       14%         4
d - Mephitic Cloud        Conj/Pois/Air  11%        N/A       19%         3

Your spell library contained the following spells:

 Spells                   Type           Power      Damage    Failure   Level
 Freeze                   Ice            8%         1d3       19%         1
 Frozen Ramparts          Ice            4%         1d2       50%         3
 Tukima's Dance           Hex            2%         N/A       50%         3
 Hailstorm                Conj/Ice       4%         3d4       83%         4
 Passage of Golubria      Tloc           2%         N/A       88%         4
 Yara's Violent Unravell  Hex/Tmut       3%         3d4       95%         5


Dungeon Overview and Level Annotations

Branches:
Dungeon (4/15)
 Temple: D:4-7

Altars:

Shops:
D:3 (   D:4 *

Annotations:
D:4 Ijyb


Innate Abilities, Weirdness & Mutations

You have a pair of small horns on your head.
You are mostly covered in molten scales. (AC +3)
You sometimes gain a little power by taking damage.


Message History

Aim: an adder (moderately wounded, poisoned, 57% to hit)
You miscast Sting.
You are very lightly contaminated with residual magic.
Nothing appears to happen.
The adder bites you but does no damage.
Aim: an adder (heavily wounded, poisoned) Poisonous vapours surround the adder!
The adder looks even sicker.
The adder barely misses you. The adder misses you. The adder barely misses you.
Your magical contamination has completely faded away.
The adder barely misses you.
Aim: an adder (severely wounded, poisoned) Poisonous vapours surround the adder!
The adder looks even sicker.
The adder closely misses you.
You kill the adder!
You see here a +0 helmet.
Found 10 arrows.
Found Noxkumo's Assorted Antiques.
A goblin comes into view. It is wielding a +0 club.
The goblin shouts!
The goblin barely misses you.
There is an entrance to Noxkumo's Assorted Antiques here.
You hit the goblin.
You kill the goblin!
p - an amulet of the acrobat Thank you for shopping at Noxkumo's Assorted Antiques!
You start putting on your amulet.
You continue putting on your amulet of the acrobat. x5
You finish putting on your amulet of the acrobat.
You feel ready to tumble and roll out of harm's way.
p - an amulet of the acrobat (around neck)
Things that are here:
a +0 club; a goblin corpse
Found a runed whip.
Things that are here:
a +0 dagger; a +0 club
Found a scale mail.
You now have 21 gold pieces (gained 14).
You see here a +0 scale mail.
Ijyb the Twisted Goblin comes into view.
She is wielding a +0 club and carrying a wand of iceblast (9).
Aim: Ijyb, wielding a +0 club, wearing a +0 chain mail and carrying a wand of iceblast (9) (asleep)
You miscast Poisonous Vapours.
You are very lightly contaminated with residual magic.
Nothing appears to happen.
Aim: Ijyb, wielding a +0 club, wearing a +0 chain mail and carrying a wand of iceblast (9) (asleep) Poisonous vapours surround Ijyb!
Ijyb is poisoned.
Ijyb shouts!
You hear a shout!
A quokka comes into view.
Aim: Ijyb, wielding a +0 club, wearing a +0 chain mail and carrying a wand of iceblast (9) (poisoned) Poisonous vapours surround Ijyb!
Ijyb looks even sicker.
A kobold brigand comes into view. It is wielding a +0 dagger.
Ijyb zaps a wand.
The mass of ice explodes!
The iceblast engulfs you!
You hear a shout!
You hear a bark!
You hear a shout!
Ijyb zaps a wand.
The mass of ice explodes!
The iceblast engulfs you.
You hear a bark!
Aim: Ijyb, wielding a +0 club, wearing a +0 chain mail and carrying a wand of iceblast (7) (lightly wounded, very poisoned) Poisonous vapours surround Ijyb!
Ijyb looks even sicker.
Your magical contamination has completely faded away.
A hound comes into view.
The hound misses you.
A jackal comes into view.
You barely miss the hound. The hound barely misses you. The hound misses you.
The hound closely misses you. The hound bites you.
The sting misses the hound.
The sting hits Ijyb but does no damage.
Ijyb looks even sicker.
The hound bites you but does no damage.
A water moccasin skeleton comes into view.
The hound bites you.
A hound skeleton comes into view.
Aim: a hound (64% to hit)
The sting hits the hound.
The hound is poisoned.
The hound barely misses you.
Aim: a hound (moderately wounded, poisoned, 64% to hit)
The sting hits the hound.
The hound looks even sicker.
The hound closely misses you.
Ijyb screams, "Level is mine!
All mine!"
The hound bites you but does no damage. The hound closely misses you.
The water moccasin skeleton completely misses you.
You slash the water moccasin skeleton!
Your headbutt misses the water moccasin skeleton.
You miss the hound. The hound bites you.
The water moccasin skeleton bites you but does no damage.
The hound barely misses you.
The water moccasin skeleton closely misses you.
You hit the water moccasin skeleton. You miss the hound.
The hound closely misses you. The water moccasin skeleton bites you.
The hound bites you.
The jackal barks!
You hit the water moccasin skeleton. You barely miss the hound.
The hound bites you but does no damage.
The water moccasin skeleton bites you but does no damage.
The hound bites you.
* * * LOW HITPOINT WARNING * * *
The water moccasin skeleton closely misses you.
You hit the water moccasin skeleton.
You headbutt the water moccasin skeleton.
You closely miss the hound. The hound bites you but does no damage.
The water moccasin skeleton bites you.
* * * LOW HITPOINT WARNING * * *
The hound bites you but does no damage.
You hit the water moccasin skeleton.
You destroy the water moccasin skeleton!
You completely miss the hound. The hound barely misses you.
The hound bites you.
* * * LOW HITPOINT WARNING * * *
The hound skeleton bites you but does no damage.
You hit the hound skeleton. You headbutt the hound skeleton. You hit the hound.
You kill the hound!
The kobold brigand unwields a +0 dagger.
The kobold brigand wields a +0 hand crossbow.
The kobold brigand shoots a bolt.
The bolt hits you.
* * * LOW HITPOINT WARNING * * *
The quokka twitches its whiskers.
Your Conjurations skill increases to level 1!
Your Air Magic skill increases to level 1!
Okay, then.
Aim: a jackal (67% to hit)
Okay, then.
The kobold brigand unwields a +0 hand crossbow.
The kobold brigand wields a +0 dagger.
The kobold brigand completely misses you.
You see here a hound corpse.
Aim: a jackal (67% to hit)
Okay, then.
You completely miss the jackal. Your headbutt misses the jackal.
You closely miss the kobold brigand. The jackal bites you.
* * * LOW HITPOINT WARNING * * *
The jackal bites you but does no damage.
The kobold brigand hits you with a +0 dagger.
* * * LOW HITPOINT WARNING * * *
You hit the jackal.
You kill the jackal!
You hit the hound skeleton. You miss the kobold brigand.
The hound skeleton bites you.
* * * LOW HITPOINT WARNING * * *
The kobold brigand hits you with a +0 dagger.
* * * LOW HITPOINT WARNING * * *
The quokka bites you but does no damage.
The kobold brigand hits you with a +0 dagger.
* * * LOW HITPOINT WARNING * * *
The hound skeleton bites you but does no damage.
As you read the scroll labelled QODIYSU SUKICS, it crumbles to dust.
Your body is wracked with pain!
* * * LOW HITPOINT WARNING * * *
The kobold brigand convulses!
The quokka convulses!
It was a scroll of torment.
The quokka misses you. The hound skeleton barely misses you.
The kobold brigand hits you with a +0 dagger.
You die...

#.#.....# #..# #.#.###.# ##.#
#.#.# #.####.#
##[#.###......########
..................)...
####.####....#.###############
##.####....#.#.............?
###....##....#.#Zr##..h#....##
....(..#....:#.#@###...# ...#
###....#.#...#.#K###..## g.#
#.....∩)...#.#g..K..#


.rK #....#.#...#.#.....## #. #....#...###.#...### ########## #.#.####
#.#....#### #.#.......### #...........# You could see a kobold brigand, Ijyb
(poisoned), a quokka and a hound skeleton.

Vanquished Creatures
  An ogre (D:3)
  A water moccasin skeleton (D:4)
  3 howler monkeys (D:3)
  A bullfrog skeleton (D:4)
  3 hounds
  A hound skeleton (D:4)
  Robin (D:2)
  3 adders
  11 gnolls (D:3)
  2 worms
  3 dart slugs
  24 orcs
  6 endoplasms
  4 giant cockroaches
  20 goblins
  12 hobgoblins
  14 jackals
  3 quokkas
  9 ball pythons
  6 bats
  4 frilled lizards
  4 kobolds
  7 rats
143 creatures vanquished.

Vanquished Creatures (others)
  A fungus (D:3)
  7 plants (D:3)
8 creatures vanquished.

Grand Total: 151 creatures vanquished

Notes
Turn   | Place    | Note
-------+----------+-------------------------------------------
     0 | D:1      | CryoSword the Demonspawn Venom Mage began the quest for the
                  | Orb.
     0 | D:1      | Reached XP level 1. HP: 13/13 MP: 3/3
   103 | D:1      | Reached skill level 1 in Transmutations
   663 | D:1      | Gained mutation: You sometimes gain a little power by
                  | taking damage. [demonic ancestry]
   663 | D:1      | Reached XP level 2. HP: 20/20 MP: 0/5
   827 | D:1      | Learned a level 2 spell: Poisonous Vapours
  1006 | D:1      | Reached skill level 1 in Fighting
  1624 | D:2      | Reached XP level 3. HP: 10/26 MP: 3/6
  2853 | D:2      | Noticed Robin
  2905 | D:2      | Killed Robin
  2906 | D:2      | Reached skill level 4 in Poison Magic
  2906 | D:2      | Reached XP level 4. HP: 19/33 MP: 0/7
  3361 | D:3      | Gained mutation: You have a pair of small horns on your
                  | head. [demonic ancestry]
  3361 | D:3      | Reached XP level 5. HP: 39/39 MP: 0/8
  3685 | D:3      | Found Toth's Weapon Emporium.
  4422 | D:3      | Reached skill level 5 in Poison Magic
  4441 | D:3      | Gained mutation: You are partially covered in molten
                  | scales. (AC +2) [demonic ancestry]
  4441 | D:3      | Reached XP level 6. HP: 30/46 MP: 2/9
  5166 | D:3      | Learned a level 4 spell: Olgreb's Toxic Radiance
  6012 | D:3      | Gained mutation: You are mostly covered in molten scales.
                  | (AC +3) [demonic ancestry]
  6012 | D:3      | Reached XP level 7. HP: 47/52 MP: 2/11
  6400 | D:3      | Learned a level 3 spell: Mephitic Cloud
  6968 | D:4      | Reached skill level 6 in Poison Magic
  7051 | D:4      | Found Noxkumo's Assorted Antiques.
  7057 | D:4      | Bought a thin ruby amulet for 160 gold pieces
  7109 | D:4      | Noticed Ijyb
  7136 | D:4      | Reached skill level 1 in Conjurations
  7136 | D:4      | Reached skill level 1 in Air Magic
  7139 | D:4      | Slain by a kobold brigand

Illustrated notes

Levels and vault maps discovered:
D:1:      lightli_arrival_quake, layout_loops_corners
D:2:      layout_basic, uniq_robin
D:3:      lemuel_castle_with_subvaults [lemuel_castle_interior_carwin_2],
          layout_loops_corners, serial_shops, shop
D:4:      minmay_recursive_quarters, layout_basic, serial_shops,
          nicolae_shop_crystal, kennysheep_windowed_goal, uniq_ijyb,
          uniq_edmund, uniq_menkaure

Skill      XL: |  1  2  3  4  5  6  7 |
---------------+----------------------+-----
Transmutations | 1 2 3 |  3.0
Fighting       | 1 2 3 |  3.6
Poison Magic   | 4 5 6 |  6.2
Spellcasting   | 3 |  3.0
Conjurations   | 1 |  1.1
Air Magic      | 1 |  1.0
Dodging        | |  1.7
Stealth        | |  1.7

Action                   |  1- 3 |  4- 6 |  7- 9 || total
-------------------------+-------+-------+-------++-------
Melee: Short sword       |    46 |       |       ||    46
       Hand axe          |    10 |   144 |    45 ||   199
       Headbutt          |       |    20 |     5 ||    25
       Punch             |       |       |     1 ||     1
 Cast: Sting             |    76 |    40 |    19 ||   135
       Poisonous Vapours |     2 |    51 |    18 ||    71
  Use: Scroll            |       |     2 |     1 ||     3
 Stab: Sleeping          |     2 |     1 |       ||     3
Armor: Robe              |    18 |       |       ||    18
       Animal skin       |       |    57 |    27 ||    84
Dodge: Dodged            |    63 |   138 |    48 ||   249
